Map: Rhoskallian EE

Players

cbacon

  • Race: Zerg Zerg
  • League: Platinum
  • Spawn Location: 11:00

TheEvaulator

  • Race: Terran Terran
  • League: Bronze
  • Spawn Location: 12:00

TATORREA - Winner!

  • Race: Protoss Protoss
  • League: Gold
  • Spawn Location: 5:00

MrFercho - Winner!

  • Race: Zerg Zerg
  • League: Silver
  • Spawn Location: 6:00

VOD

Have the link to the VOD?

Description

Time

  • Played on: July 9, 2020, 8:53 p.m.
  • Length: 18:57
Show
View Real Time Build Order
Export as new Build Order

cbacon Zerg 

Build Orders: Pool First 

Get SALT Encoding   

  12  0:19  Spawning Pool  
  11  0:23  Extractor  
  11  0:25  Drone  
  11  0:30  Drone  
  12  0:36  Drone  
  13  0:49  Overlord  
  13  0:55  Drone  
  14  1:10  Queen  
  16  1:15  Drone  
  17  1:25  Metabolic Boost  
  17  1:30  Drone  
  18  1:38  Zergling x2  
  19  1:44  Overlord  
  19  1:54  Zergling x4  
  21  2:05  Queen  
  23  2:11  Zergling x2  
  23  2:15  Zergling x2  
  25  2:23  Zergling x4  
  25  2:28  Overlord  
  27  2:36  Zergling x2  
  28  2:53  Zergling x10  
  33  3:02  Zergling x2  
  34  3:17  Extractor  
  34  3:18  Lair  
  33  3:27  Zergling x6  
  33  3:28  Zergling x2  
  23  4:36  Spire  
  22  5:03  Drone x6  
  22  5:04  Drone x2  
  22  5:06  Hatchery  
  29  5:16  Drone  
  29  5:17  Drone x3  
  33  5:46  Extractor  
  32  5:51  Mutalisk x3, Extractor  
  32  5:54  Overlord x2  
  37  6:06  Overlord  
  33  6:34  Zerg Flyer Weapons Level 1, Mutalisk x2  
  37  6:48  Drone x3  
  37  6:50  Queen  
  42  7:06  Mutalisk x2  
  46  7:23  Mutalisk  
  46  7:28  Queen  
  50  7:34  Mutalisk  
  45  8:04  Zergling x12  
  51  8:17  Mutalisk  
  39  9:15  Drone x5  
  44  9:28  Roach Warren  
  43  9:31  Evolution Chamber, Drone  
  43  9:33  Evolution Chamber  
  42  9:49  Queen  
  44  10:00  Zerg Missile Weapons Level 1  
  44  10:01  Zerg Ground Armor Level 1  
  44  10:02  Hydralisk Den  
  43  10:08  Glial Reconstitution  
  43  10:11  Roach x10  
  63  10:32  Roach x2  
  67  10:36  Overlord x2  
  67  10:40  Drone  
  68  11:11  Hydralisk  
  68  11:12  Hydralisk x2  
  68  11:15  Hydralisk  
  76  11:20  Drone  
  77  11:37  Hydralisk  
  79  11:40  Grooved Spines  
  55  12:32  Zergling x2  
  55  12:33  Zergling x16  
  64  12:39  Roach  
  66  12:49  Drone x3  
  71  12:58  Roach x2  
  71  13:01  Hatchery  
  72  13:07  Roach  
  57  14:01  Infestation Pit  
  56  14:05  Muscular Augments  
  56  14:06  Zerg Missile Weapons Level 2  
  56  14:08  Roach  
  56  14:09  Roach x6  
  74  14:10  Roach x2  
  74  14:16  Pneumatized Carapace  
  74  14:18  Overseer  
  74  14:20  Overseer  
  74  14:31  Drone x2  
  74  14:34  Queen  
  78  14:48  Drone  
  79  15:09  Queen  
  43  15:50  Spine Crawler  
  43  15:52  Spine Crawler  
  43  15:54  Spine Crawler  
  40  15:58  Drone x3  
  43  16:16  Spine Crawler  
  36  16:43  Roach  
  36  16:44  Roach x18  
  76  16:47  Roach  
  36  17:31  Zergling x12  
  36  17:32  Zergling x12  
  48  17:39  Zergling x2  
  48  17:40  Zergling x2  
  38  18:22  Hydralisk  
  38  18:23  Hydralisk x9  
Show
View Real Time Build Order
Export as new Build Order

TheEvaulator Terran 

Build Orders:  

Get SALT Encoding   

  12  0:01  SCV  
  13  0:18  Supply Depot  
  13  0:19  SCV  
  14  0:34  Refinery  
  14  0:35  SCV  
  15  0:42  Barracks  
  15  0:48  SCV  
  16  1:01  SCV  
  17  1:13  SCV  
  19  1:25  SCV  
  19  1:30  Marine  
  20  1:43  SCV  
  21  1:47  Factory  
  21  1:48  Marine  
  22  1:58  SCV  
  23  2:16  Supply Depot  
  23  2:33  Orbital Command  
  23  2:34  Command Center  
  23  2:35  Factory Tech Lab  
  23  2:37  Marine  
  24  3:06  SCV, Marine  
  24  3:08  Supply Depot, Siege Tank  
  29  3:22  Refinery  
  29  3:26  Starport  
  29  3:40  Barracks Reactor  
  29  4:17  Marine x2  
  29  4:18  Siege Tank  
  34  4:29  SCV  
  34  4:30  SCV  
  36  4:38  Factory  
  36  4:42  Orbital Command  
  36  4:46  Refinery  
  36  4:49  Viking  
  38  5:11  SCV x2  
  38  5:12  Marine  
  38  5:13  Marine  
  38  5:14  Siege Tank  
  45  5:25  Medivac  
  47  5:28  SCV x2  
  49  5:41  Supply Depot  
  49  5:43  Supply Depot  
  49  5:44  Supply Depot  
  49  5:47  Engineering Bay, Factory Reactor  
  49  5:55  Starport Reactor  
  49  5:59  Marine x2  
  49  6:03  SCV x2  
  52  6:37  Marine x2  
  52  6:38  SCV x2  
  56  6:50  SCV  
  56  6:51  SCV  
  58  7:02  Marine x2  
  58  7:04  Viking, Siege Tank  
  58  7:07  SCV x2  
  67  7:14  Terran Infantry Weapons Level 1  
  67  7:23  Barracks  
  67  7:27  Barracks  
  67  7:28  SCV  
  67  7:29  SCV  
  69  7:36  Supply Depot  
  69  7:39  Supply Depot  
  69  7:41  SCV  
  70  7:58  SCV  
  71  7:59  Supply Depot  
  71  8:02  Supply Depot  
  54  8:27  Marine x2  
  50  8:29  Siege Tank  
  50  8:30  Widow Mine x2  
  50  8:33  Liberator  
  62  8:34  Liberator  
  63  8:41  Barracks Tech Lab  
  63  8:44  Marine  
  63  8:47  Barracks Tech Lab  
  64  8:52  Widow Mine  
  66  9:01  Siege Tank  
  69  9:03  SCV x2  
  69  9:04  Marine x3  
  69  9:06  Marauder  
  69  9:08  Widow Mine  
  78  9:13  Widow Mine  
  78  9:15  SCV x2  
  78  9:16  Liberator  
  85  9:19  Refinery  
  85  9:21  Supply Depot  
  85  9:23  Marauder  
  87  9:24  Marine x2  
  87  9:26  Marine  
  87  9:27  SCV x2  
  92  9:33  Supply Depot, Siege Tank  
  95  9:44  Marauder  
  95  9:45  Marauder  
  99  9:50  Missile Turret  
  99  9:56  Missile Turret  
  99  10:01  Marine  
  99  10:02  Marine  
  99  10:05  Widow Mine x2  
  99  10:06  Marauder x2, Widow Mine  
  111  10:08  Liberator x2  
  117  10:19  Missile Turret  
  117  10:24  Combat Shield, Stimpack  
  117  10:32  Armory  
  117  10:35  Armory  
  117  10:38  SCV  
  118  10:49  Supply Depot  
  118  10:50  Supply Depot x2  
  118  10:56  Supply Depot  
  118  11:01  SCV x2  
  118  11:02  Marauder  
  122  11:09  Marine x2  
  122  11:10  Marauder  
  126  11:12  Widow Mine x2  
  126  11:13  SCV x2  
  126  11:14  Siege Tank  
  126  11:16  Liberator  
  138  11:23  Marauder  
  140  11:25  SCV  
  141  11:46  Siege Tank  
  144  11:51  Command Center  
  144  12:07  SCV x2  
  146  12:08  Marine x3  
  146  12:09  Marauder  
  146  12:11  Widow Mine x2  
  146  12:15  Viking  
  157  12:39  SCV, Supply Depot x2  
  157  12:40  Supply Depot  
  158  12:54  Supply Depot  
  158  13:00  Viking, SCV  
  158  13:01  Marauder x2, Widow Mine x2  
  156  13:24  Marine x3  
  156  13:25  Marine  
  162  13:27  Widow Mine x3  
  162  13:29  Terran Ship Weapons Level 1  
  162  13:30  Terran Vehicle And Ship Armor Level 1  
  166  13:38  Terran Infantry Armor Level 1  
  166  13:43  Marauder x2  
  166  13:48  Starport, Widow Mine  
  172  13:49  Widow Mine  
  172  13:51  Marine  
  172  13:52  Marine  
  172  13:55  Siege Tank  
  179  14:04  SCV x2, Marauder  
  185  14:10  Widow Mine x2  
  187  14:24  Planetary Fortress  
  187  14:26  Marine x2  
  187  14:28  Marauder x2  
  187  14:30  Widow Mine  
  197  14:31  Widow Mine  
  197  14:53  SCV x2  
  197  14:54  Marine  
  200  15:12  Refinery  
  168  15:45  Marine x2  
  168  15:46  Marauder x2  
  168  15:54  Widow Mine x3  
  174  16:00  Terran Infantry Weapons Level 2  
  174  16:04  Terran Ship Weapons Level 2  
  174  16:05  Terran Vehicle And Ship Armor Level 2  
  174  16:10  Starport Tech Lab  
  174  16:15  Widow Mine x2  
  174  16:16  Starport  
  178  16:28  Refinery  
  178  16:36  Marine x2  
  178  16:37  Marauder  
  178  16:38  Marauder, Widow Mine x2  
  178  16:39  Widow Mine  
  190  16:40  Medivac x2  
  190  16:41  Banshee  
  190  17:00  Widow Mine  
  78  17:20  Marine  
  78  17:21  Marine x3  
  79  17:24  Banshee  
  53  17:39  Marauder x2  
  53  17:58  Marine x2  
  53  18:00  Marauder, Marine  
  49  18:16  Marine  
  49  18:18  Marauder  
  33  18:22  Marauder  
Show
View Real Time Build Order
Export as new Build Order

TATORREA Protoss - Winner!

Build Orders:  

Get SALT Encoding   

  12  0:04  Probe  
  13  0:16  Probe  
  14  0:26  Pylon  
  15  0:28  Probe  
  15  0:44  Probe  
  16  0:50  Gateway  
  16  1:05  Probe  
  17  1:11  Assimilator  
  17  1:14  Probe  
  17  1:17  Pylon  
  18  1:22  Probe  
  18  1:32  Probe  
  20  1:47  Cybernetics Core, Gateway  
  20  1:53  Probe  
  20  2:05  Probe  
  21  2:11  Nexus  
  21  2:15  Pylon  
  21  2:17  Probe  
  21  2:22  Assimilator  
  23  2:30  Probe  
  23  2:48  Shield Battery  
  23  2:55  Stalker, Warp Gate  
  23  2:56  Probe  
  24  3:04  Stalker  
  28  3:08  Probe  
  29  3:20  Probe  
  29  3:22  Robotics Facility  
  29  3:23  Stalker  
  32  3:38  Zealot  
  32  3:41  Probe x2  
  27  3:55  Stalker  
  27  4:05  Stalker  
  28  4:20  Immortal  
  32  4:40  Probe  
  33  4:48  Probe  
  33  4:51  Nexus  
  34  4:57  Probe  
  34  4:59  Observer  
  35  5:01  Stalker  
  38  5:15  Pylon  
  38  5:20  Pylon  
  38  5:22  Probe  
  38  5:24  Gateway  
  39  5:38  Probe  
  40  5:43  Stalker  
  40  5:44  Stalker  
  44  5:50  Probe  
  45  6:03  Probe  
  46  6:06  Probe  
  46  6:10  Stalker  
  49  6:13  Stalker  
  49  6:15  Probe  
  49  6:18  Probe  
  45  6:33  Probe x2  
  47  6:43  Twilight Council  
  47  6:45  Gateway  
  48  6:47  Probe x2  
  48  6:53  Assimilator  
  49  6:57  Assimilator  
  49  7:01  Stalker, Pylon  
  49  7:02  Stalker  
  49  7:04  Stalker  
  49  7:08  Probe  
  56  7:09  Probe  
  56  7:11  Blink  
  57  7:18  Forge  
  57  7:30  Probe x2  
  59  7:39  Stalker x2  
  59  7:40  Stalker  
  65  7:59  Photon Cannon  
  65  8:01  Probe, Photon Cannon  
  65  8:02  Probe, Shield Battery  
  63  8:17  Probe x2  
  65  8:29  Probe x2  
  67  8:52  Stalker x2  
  67  8:53  Stalker x2  
  75  9:32  Nexus  
  75  9:34  Pylon  
  75  9:37  Pylon  
  75  9:39  Stalker  
  75  9:42  Photon Cannon  
  75  9:44  Shield Battery  
  77  9:48  Photon Cannon  
  77  9:50  Probe  
  77  9:51  Photon Cannon  
  77  9:52  Probe  
  79  9:55  Shield Battery  
  79  9:59  Pylon  
  79  10:08  Stalker x3  
  79  10:09  Stalker  
  79  10:13  Protoss Ground Weapons Level 1  
  87  10:18  Charge, Pylon  
  87  10:20  Immortal  
  87  10:21  Pylon  
  91  10:24  Pylon  
  91  10:28  Assimilator x2  
  91  10:36  Forge  
  91  10:37  Forge  
  91  10:39  Templar Archives  
  91  10:43  Probe x2  
  91  10:46  Probe  
  94  10:54  Stalker  
  94  10:55  Probe x2  
  98  11:02  Probe  
  99  11:07  Probe x2  
  101  11:15  Probe  
  101  11:16  Nexus  
  102  11:19  Pylon  
  102  11:21  Probe x2  
  102  11:22  Protoss Shields Level 1, Pylon, Protoss Ground Armor Level 1  
  104  11:37  Stalker x2  
  104  11:38  High Templar x2  
  112  12:04  Archon  
  112  12:10  High Templar x2  
  112  12:12  High Templar x2  
  120  12:29  Archon x2  
  120  12:34  Psionic Storm  
  120  12:44  Gateway  
  120  12:45  Gateway  
  120  12:54  Probe  
  120  12:55  Probe x2, Gateway  
  120  12:57  Gateway  
  123  12:59  Probe, Gateway  
  123  13:02  Gateway  
  124  13:07  Probe x3  
  124  13:08  Pylon, Assimilator  
  124  13:11  Probe, Pylon  
  124  13:12  Protoss Ground Weapons Level 2, Assimilator  
  128  13:14  Pylon, Gateway  
  128  13:15  Protoss Shields Level 2  
  128  13:16  Protoss Ground Armor Level 2, Gateway, High Templar x2  
  128  13:17  High Templar  
  128  13:18  Gateway, High Templar  
  128  13:19  Probe, Pylon  
  137  13:21  Gateway  
  137  13:24  Pylon, Archon x2  
  137  13:30  Pylon  
  137  13:34  Pylon  
  137  13:41  Immortal  
  141  13:47  Robotics Bay  
  141  13:54  High Templar x2  
  141  13:55  High Templar x3  
  149  13:56  High Templar x3  
  149  14:02  Archon x3  
  157  14:03  Archon  
  157  14:08  Probe x2  
  157  14:09  Probe x2  
  161  14:20  Probe  
  161  14:21  Probe x3  
  165  14:32  Nexus  
  165  14:33  Pylon  
  165  14:34  Probe x4  
  165  14:36  Pylon  
  169  14:38  Extended Thermal Lance  
  169  14:39  Assimilator  
  169  14:40  Colossus  
  169  14:43  Assimilator  
  175  14:58  Stalker x2  
  175  14:59  Stalker x2  
  183  15:00  High Templar  
  183  15:01  High Templar x4  
  183  15:05  Archon x2  
  193  15:26  Stalker x4  
  193  15:27  Stalker x2  
  185  15:45  Stalker x4  
  185  15:46  Stalker x3  
  199  15:50  Protoss Ground Armor Level 3, Protoss Ground Weapons Level 3  
  199  15:53  Protoss Shields Level 3  
  199  16:26  Gateway  
  199  16:29  Gateway  
  199  16:30  Gateway  
  199  16:31  Gateway  
  199  16:33  Gateway  
  199  16:34  Gateway  
  199  16:37  Gateway  
  199  16:40  Gateway  
  199  16:42  Gateway  
  146  17:33  Stalker x3  
  146  17:34  Stalker x3  
  146  17:35  Stalker x4  
  146  17:36  Stalker, Zealot  
  146  17:37  Zealot x5  
  172  17:38  Zealot x2  
  172  17:39  Zealot x2  
  186  17:51  Stalker  
  186  17:52  Stalker  
  190  18:19  Stalker  
  192  18:20  Stalker x4  
Show
View Real Time Build Order
Export as new Build Order

MrFercho Zerg - Winner!

Build Orders: Hatch First 

Get SALT Encoding   

  12  0:01  Drone  
  13  0:15  Overlord  
  13  0:18  Drone  
  14  0:33  Drone x2  
  16  0:58  Hatchery  
  16  0:59  Drone x2  
  16  1:02  Drone  
  18  1:15  Extractor  
  17  1:20  Spawning Pool, Drone  
  17  1:25  Drone  
  17  1:31  Drone  
  19  1:43  Drone  
  20  2:10  Drone x2  
  22  2:16  Baneling Nest  
  22  2:20  Zergling x4  
  23  2:24  Drone  
  23  2:26  Drone  
  25  2:37  Metabolic Boost  
  25  2:43  Drone  
  25  2:44  Drone x2  
  28  2:47  Overlord  
  28  3:05  Queen x2  
  32  3:06  Drone  
  32  3:07  Drone x2  
  32  3:08  Drone  
  32  3:11  Spine Crawler  
  35  3:20  Spine Crawler  
  35  3:24  Zergling x4  
  35  3:34  Spine Crawler  
  35  3:37  Zergling x2  
  35  3:39  Overlord x2  
  35  4:01  Baneling x6  
  35  4:03  Drone  
  35  4:04  Drone  
  35  4:05  Zergling x2  
  35  4:06  Zergling x4  
  37  4:28  Zergling x12  
  43  4:32  Overlord  
  43  4:33  Overlord  
  43  4:34  Overlord  
  43  4:53  Lair  
  43  5:04  Baneling x4  
  43  5:05  Baneling x2  
  43  5:09  Drone x6  
  43  5:12  Extractor  
  43  5:13  Extractor  
  47  5:38  Drone x2  
  50  5:42  Drone  
  50  5:43  Drone x3  
  53  5:54  Spore Crawler  
  52  6:09  Spore Crawler  
  50  6:12  Zergling x14  
  57  6:28  Zergling x6  
  57  6:29  Zergling x8  
  64  6:46  Evolution Chamber  
  63  6:52  Hydralisk Den  
  62  6:54  Overlord x4  
  62  7:03  Hatchery, Extractor  
  60  7:21  Spore Crawler, Drone x2  
  61  7:23  Spore Crawler, Grooved Spines  
  61  7:27  Overlord x2  
  61  7:28  Overlord  
  58  8:01  Spore Crawler  
  43  8:34  Muscular Augments  
  43  8:42  Hydralisk x5  
  48  8:55  Drone x3  
  49  8:56  Drone  
  50  9:07  Hydralisk  
  50  9:08  Hydralisk  
  50  9:09  Overlord x3  
  54  9:23  Zerg Melee Weapons Level 1  
  54  9:29  Drone  
  54  9:30  Drone x5  
  60  9:50  Zergling x4  
  60  9:51  Zergling x8, Hatchery  
  65  10:05  Queen  
  67  10:10  Zergling x2  
  67  10:11  Zergling x10  
  73  10:19  Centrifical Hooks  
  73  10:30  Hatchery  
  73  10:31  Burrow  
  73  10:32  Hatchery  
  72  10:42  Zergling x2  
  72  10:43  Zergling x26  
  72  10:48  Baneling x4  
  72  10:49  Baneling x22  
  85  11:04  Infestation Pit  
  85  11:06  Evolution Chamber  
  83  11:18  Hydralisk x4  
  83  11:19  Hydralisk  
  83  11:20  Overlord  
  83  11:21  Overlord x6  
  83  11:22  Overlord x6  
  93  11:26  Drone x3  
  88  12:03  Zergling x2  
  88  12:04  Zergling x42  
  110  12:11  Zerg Ground Armor Level 1  
  110  12:15  Drone x4  
  114  12:32  Drone x7  
  121  12:57  Extractor  
  120  12:59  Extractor  
  120  13:01  Hydralisk x7  
  108  13:22  Zerg Melee Weapons Level 2  
  104  13:36  Zergling x2  
  104  13:37  Zergling x36  
  104  13:41  Queen  
  123  13:45  Drone  
  123  13:46  Drone x2  
  123  13:48  Drone  
  129  13:49  Drone  
  129  13:51  Drone  
  131  14:08  Hive  
  131  14:15  Baneling x8  
  131  14:16  Baneling  
  131  14:17  Baneling x2  
  131  14:20  Hydralisk  
  131  14:21  Hydralisk x4  
  73  15:40  Lurker Den  
  72  15:43  Zerg Melee Weapons Level 3, Spire  
  72  15:46  Zerg Ground Armor Level 2  
  72  15:47  Adrenal Glands  
  71  15:50  Zergling x2  
  71  15:51  Zergling x50  
  71  15:52  Zergling x22  
  108  16:16  Drone  
  108  16:17  Drone x13  
  123  16:18  Drone  
  123  16:35  Baneling  
  123  16:45  Hydralisk  
  123  16:46  Hydralisk x6  
  137  16:50  Lurker x2  
  137  16:51  Lurker  
  103  17:16  Lurker x2  
  105  17:45  Seismic Spines  
  99  17:54  Extractor  
  99  17:55  Extractor  
  97  18:10  Hatchery, Hydralisk x19  
  97  18:11  Hydralisk x4, Extractor  
  97  18:12  Hydralisk, Extractor  
  138  18:36  Zergling x34  
Tags
 
Add a new tag
Caveats
  • Supply blocks, unpowered buildings, or Contaminate may cause inaccurate times.
  • Supply counts are checked every 10 seconds.